| TOP OF THE 1ST |
|
Sumter Gamecocks batting - Pitching for Spartanburg Spartans : LHP Chuck Cary
|
|
Pitching: LHP Chuck Cary
|
|
|
Batting: SHB John Cangelosi
|
0-0: Ball 1-0: Ball 2-0: Called Strike 2-1: Foul Ball, location: 2F 2-2: Ball 3-2: Base on Balls
|
|
Batting: RHB Timothy Thiessen
|
0-0: Fielders Choice at 2nd, 2-4 (Groundball, 15S, EV 70.6 MPH)
|
|
Batting: RHB Randy Washington
|
0-0: Grounds into double play, 4-6-3 (Groundball, 34, EV 97.5 MPH)
|
| Top of the 1st over - 0 runs, 0 hits, 0 errors, 0 left on base; Sumter 0 - Spartanburg 0 |
| BOTTOM OF THE 1ST |
|
Spartanburg Spartans batting - Pitching for Sumter Gamecocks : LHP Gabe Diaz
|
|
Pitching: LHP Gabe Diaz
|
|
|
Batting: SHB Michael Vanderburg
|
0-0: Ball 1-0: Foul Ball, location: 2F 1-1: Bunt missed! 1-2: Ball 2-2: Foul Ball, location: 2F 2-2: Ground out 6-3 (Groundball, 6M, EV 86.9 MPH)
|
|
Batting: LHB Albert Ortiz
|
0-0: Ball 1-0: Ground out 1-3 (Groundball, 15S, EV 68.8 MPH)
|
|
Batting: RHB Gib Seibert
|
0-0: Ball 1-0: Called Strike 1-1: Swinging Strike 1-2: Ball 2-2: Ball 3-2: Foul Ball, location: 2F 3-2: Foul Ball, location: 2F 3-2: Base on Balls
|
|
Batting: LHB John Hennell
|
0-0: Foul Ball, location: 2F 0-1: Swinging Strike 0-2: 2-RUN HOME RUN (Flyball, 89XD, EV 106.9 MPH), Distance : 408 ft
|
|
Batting: RHB Inocencio Guerrero
|
0-0: Called Strike 0-1: Ball 1-1: Ball 2-1: Ball 3-1: Swinging Strike 3-2: SOLO HOME RUN (Flyball, 7LD, EV 106.3 MPH), Distance : 374 ft
|
|
Batting: RHB Van Sowards
|
0-0: Called Strike 0-1: Ball 1-1: Ball 2-1: Ball 3-1: Base on Balls
|
|
Batting: LHB Warren McReddie
|
0-0: Called Strike 0-1: Foul Ball, location: 2F 0-2: Ball 1-2: Ball 2-2: Ground out 1-3 (Groundball, 15S, EV 63.1 MPH)
|
| Bottom of the 1st over - 3 runs, 2 hits, 0 errors, 1 left on base; Sumter 0 - Spartanburg 3 |
| TOP OF THE 2ND |
|
Sumter Gamecocks batting - Pitching for Spartanburg Spartans : LHP Chuck Cary
|
|
Batting: RHB Kelly Gruber
|
0-0: Ball 1-0: Ball 2-0: Foul Ball, location: 2F 2-1: Ground out 4-3 (Groundball, 4M, EV 102.5 MPH)
|
|
Batting: RHB Vaughn Calloway
|
0-0: Ball 1-0: Called Strike 1-1: Foul Ball, location: 2F 1-2: Ball 2-2: Strikes out looking
|
|
Batting: RHB Jerry Hidalgo
|
0-0: Ball 1-0: Ball 2-0: Foul Ball, location: 2F 2-1: Called Strike 2-2: Ball 3-2: Base on Balls
|
|
Batting: RHB Johnny Vestal
|
0-0: Foul Ball, location: 2F 0-1: Foul Ball, location: 2F 0-2: Ball 1-2: Foul Ball, location: 2F 1-2: Ball 2-2: Fly out, F8 (Flyball, 8LS, EV 83.8 MPH)
|
| Top of the 2nd over - 0 runs, 0 hits, 0 errors, 1 left on base; Sumter 0 - Spartanburg 3 |
| BOTTOM OF THE 2ND |
|
Spartanburg Spartans batting - Pitching for Sumter Gamecocks : LHP Gabe Diaz
|
|
Batting: RHB Ron Dillard
|
0-0: Swinging Strike 0-1: Fly out, F8 (Flyball, 8RD, EV 101.3 MPH)
|
|
Batting: RHB Rigo Rodriguez
|
0-0: Called Strike 0-1: Fly out, F6 (Popup, 15S, EV 86.9 MPH)
|
|
Batting: SHB Michael Vanderburg
|
0-0: Called Strike 0-1: Foul Ball, location: 2F 0-2: Fly out, F8 (Line Drive, 8RM, EV 90.6 MPH)
|
| Bottom of the 2nd over - 0 runs, 0 hits, 0 errors, 0 left on base; Sumter 0 - Spartanburg 3 |
| TOP OF THE 3RD |
|
Sumter Gamecocks batting - Pitching for Spartanburg Spartans : LHP Chuck Cary
|
|
Batting: RHB Claude Johnson
|
0-0: Ball 1-0: Foul Ball, location: 2F 1-1: Foul Ball, location: 2F 1-2: Fly out, F9 (Flyball, 9, EV 88.8 MPH)
|
|
Batting: RHB Juan Hernandez
|
0-0: Ball 1-0: Swinging Strike 1-1: Called Strike 1-2: Ball 2-2: Strikes out swinging
|
|
Batting: SHB John Cangelosi
|
0-0: Ground out 6-3 (Groundball, 6, EV 111.3 MPH)
|
| Top of the 3rd over - 0 runs, 0 hits, 0 errors, 0 left on base; Sumter 0 - Spartanburg 3 |
| BOTTOM OF THE 3RD |
|
Spartanburg Spartans batting - Pitching for Sumter Gamecocks : LHP Gabe Diaz
|
|
Batting: LHB Albert Ortiz
|
0-0: Called Strike 0-1: Ball 1-1: Ball 2-1: Ground out 6-3 (Groundball, 6, EV 80.6 MPH)
|
|
Batting: RHB Gib Seibert
|
0-0: Called Strike 0-1: Foul Ball, location: 2F 0-2: Reached on error, E8 (Flyball, 8RD, EV 95.0 MPH)
|
|
Batting: LHB John Hennell
|
0-0: Called Strike Gib Seibert steals 2nd base 0-1: Called Strike 0-2: Ball 1-2: Ground out 3-1 (Groundball, 34, EV 99.4 MPH) Gib Seibert to third
|
|
Batting: RHB Inocencio Guerrero
|
0-0: Ball 1-0: Foul Ball, location: 2F 1-1: SINGLE (Groundball, 6S, EV 72.5 MPH) (infield hit) Gib Seibert scores
|
|
Batting: RHB Van Sowards
|
0-0: Ball 1-0: Foul Ball, location: 2F 1-1: Ball 2-1: SINGLE (Groundball, 34D, EV 103.8 MPH) Inocencio Guerrero to second Runner from 2nd tries for 3rd, SAFE, throw by RF made to third
|
|
Batting: LHB Warren McReddie
|
0-0: Called Strike 0-1: Foul Ball, location: 2F 0-2: SINGLE (Flyball, 9LS, EV 92.5 MPH) Inocencio Guerrero scores Van Sowards to second Runner from 2nd tries for 3rd, SAFE, throw by RF made to third
|
|
Batting: RHB Ron Dillard
|
0-0: Fielders Choice at 2nd, 6-4 (Groundball, 6, EV 91.3 MPH)
|
| Bottom of the 3rd over - 2 runs, 3 hits, 1 error, 2 left on base; Sumter 0 - Spartanburg 5 |
| TOP OF THE 4TH |
|
Sumter Gamecocks batting - Pitching for Spartanburg Spartans : LHP Chuck Cary
|
|
Batting: RHB Timothy Thiessen
|
0-0: Ball 1-0: Called Strike 1-1: Foul Ball, location: 2F 1-2: SINGLE (Line Drive, 7S, EV 101.9 MPH)
|
|
Batting: RHB Randy Washington
|
0-0: Foul Ball, location: 2F 0-1: Foul Ball, location: 2F 0-2: Ball 1-2: Ball 2-2: Ball 3-2: 2-RUN HOME RUN (Flyball, 7LD, EV 96.9 MPH), Distance : 343 ft
|
|
Batting: RHB Kelly Gruber
|
0-0: Ball 1-0: Fly out, F8 (Line Drive, 8LD, EV 101.3 MPH)
|
|
Batting: RHB Vaughn Calloway
|
0-0: Called Strike 0-1: Ground out U3 (Groundball, 13, EV 86.9 MPH)
|
|
Batting: RHB Jerry Hidalgo
|
0-0: Fly out, F4 (Flyball, 34D, EV 93.1 MPH)
|
| Top of the 4th over - 2 runs, 2 hits, 0 errors, 0 left on base; Sumter 2 - Spartanburg 5 |
| BOTTOM OF THE 4TH |
|
Spartanburg Spartans batting - Pitching for Sumter Gamecocks : LHP Gabe Diaz
|
|
Batting: RHB Rigo Rodriguez
|
0-0: Ground out 6-3 (Groundball, P, EV 91.3 MPH)
|
|
Batting: SHB Michael Vanderburg
|
0-0: Foul Ball, location: 2F 0-1: Ball 1-1: Ball 2-1: Called Strike 2-2: Foul Ball, location: 2F 2-2: Ground out 5-3 (Groundball, 56, EV 105.0 MPH)
|
|
Batting: LHB Albert Ortiz
|
0-0: Ball 1-0: Ball 2-0: Foul Ball, location: 2F 2-1: Ball 3-1: SINGLE (Groundball, 6MS, EV 63.8 MPH) (infield hit)
|
|
Batting: RHB Gib Seibert
|
0-0: Fielders Choice at 2nd, 6-4 (Groundball, 6, EV 90.6 MPH)
|
| Bottom of the 4th over - 0 runs, 1 hit, 0 errors, 1 left on base; Sumter 2 - Spartanburg 5 |
| TOP OF THE 5TH |
|
Sumter Gamecocks batting - Pitching for Spartanburg Spartans : LHP Chuck Cary
|
|
Batting: RHB Johnny Vestal
|
0-0: Foul Ball, location: 2F 0-1: SINGLE (Groundball, P, EV 82.5 MPH) (infield hit)
|
|
Batting: RHB Claude Johnson
|
0-0: Ball 1-0: Called Strike 1-1: Foul Ball, location: 2F 1-2: Fly out, F8 (Flyball, 8RS, EV 90.6 MPH)
|
|
Batting: RHB Juan Hernandez
|
0-0: Ball 1-0: Ball 2-0: Ball Wild Pitch! Johnny Vestal to second 3-0: Foul Ball, location: 2F 3-1: Ground out 5-3 (Groundball, 56S, EV 87.5 MPH)
|
|
Batting: SHB John Cangelosi
|
0-0: Ball 1-0: Ball 2-0: Called Strike 2-1: Ground out 4-3 (Groundball, 4, EV 79.4 MPH)
|
| Top of the 5th over - 0 runs, 1 hit, 0 errors, 1 left on base; Sumter 2 - Spartanburg 5 |
| BOTTOM OF THE 5TH |
|
Spartanburg Spartans batting - Pitching for Sumter Gamecocks : LHP Gabe Diaz
|
|
Batting: LHB John Hennell
|
0-0: Ground out U3 (Groundball, 3S, EV 90.6 MPH)
|
|
Batting: RHB Inocencio Guerrero
|
0-0: Fly out, F8 (Line Drive, 8LM, EV 85.0 MPH)
|
|
Batting: RHB Van Sowards
|
0-0: Foul Ball, location: 2F 0-1: Ball 1-1: Ball 2-1: Ball 3-1: DOUBLE (Line Drive, 8RD, EV 106.9 MPH)
|
|
Batting: LHB Warren McReddie
|
0-0: Foul Ball, location: 2F 0-1: Swinging Strike 0-2: Ground out 4-3 (Groundball, 4MS, EV 89.4 MPH)
|
| Bottom of the 5th over - 0 runs, 1 hit, 0 errors, 1 left on base; Sumter 2 - Spartanburg 5 |
| TOP OF THE 6TH |
|
Sumter Gamecocks batting - Pitching for Spartanburg Spartans : LHP Chuck Cary
|
|
Batting: RHB Timothy Thiessen
|
0-0: Ball 1-0: Ball 2-0: Ball 3-0: Swinging Strike 3-1: Ground out 5-3 (Groundball, 5L, EV 101.9 MPH)
|
|
Batting: RHB Randy Washington
|
0-0: Ball 1-0: Ground out 1-3 (Groundball, 13, EV 68.1 MPH)
|
|
Batting: RHB Kelly Gruber
|
0-0: Swinging Strike 0-1: Ground out 4-3 (Groundball, 4, EV 94.4 MPH)
|
| Top of the 6th over - 0 runs, 0 hits, 0 errors, 0 left on base; Sumter 2 - Spartanburg 5 |
| BOTTOM OF THE 6TH |
|
Spartanburg Spartans batting - Pitching for Sumter Gamecocks : LHP Gabe Diaz
|
|
Batting: RHB Ron Dillard
|
0-0: Foul Ball, location: 2F 0-1: Ball 1-1: Ground out 4-3 (Groundball, 4, EV 76.3 MPH)
|
|
Batting: RHB Rigo Rodriguez
|
0-0: Ball 1-0: Ball 2-0: Swinging Strike 2-1: DOUBLE (Groundball, 5L, EV 95.6 MPH)
|
|
Batting: SHB Michael Vanderburg
|
0-0: Ball 1-0: Ball 2-0: Called Strike 2-1: Foul Ball, location: 2F 2-2: Ball 3-2: Foul Ball, location: 2F 3-2: SINGLE (Groundball, 34D, EV 106.3 MPH) Rigo Rodriguez to third Runner from 3rd tries for Home, SAFE, throw by RF to home
|
|
Pitching: RHP Dave Wareham
|
|
|
Batting: LHB Albert Ortiz
|
0-0: Ball 1-0: Ball 2-0: Ball 3-0: Base on Balls Michael Vanderburg to second
|
|
Batting: RHB Gib Seibert
|
0-0: Fly out, F7 (Line Drive, 7D, EV 94.4 MPH)
|
|
Batting: LHB John Hennell
|
0-0: Ball 1-0: Ball 2-0: Foul Ball, location: 2F 2-1: Foul Ball, location: 2F 2-2: Ball 3-2: Ground out 3-1 (Groundball, 34, EV 80.0 MPH)
|
| Bottom of the 6th over - 1 run, 2 hits, 0 errors, 2 left on base; Sumter 2 - Spartanburg 6 |
| TOP OF THE 7TH |
|
Sumter Gamecocks batting - Pitching for Spartanburg Spartans : LHP Chuck Cary
|
|
Batting: RHB Vaughn Calloway
|
0-0: Ball 1-0: Swinging Strike 1-1: Foul Ball, location: 2F 1-2: Ball 2-2: Strikes out swinging
|
|
Batting: RHB Jerry Hidalgo
|
0-0: Ball 1-0: Ball 2-0: SINGLE (Line Drive, 89M, EV 101.9 MPH)
|
|
Batting: RHB Johnny Vestal
|
0-0: Ball 1-0: Called Strike 1-1: Grounds into double play, 5-4-3 (Groundball, 5, EV 79.4 MPH)
|
| Top of the 7th over - 0 runs, 1 hit, 0 errors, 0 left on base; Sumter 2 - Spartanburg 6 |
| BOTTOM OF THE 7TH |
|
Spartanburg Spartans batting - Pitching for Sumter Gamecocks : RHP Dave Wareham
|
|
Batting: RHB Inocencio Guerrero
|
0-0: Called Strike 0-1: Ball 1-1: Foul Ball, location: 2F 1-2: Ball 2-2: Foul Ball, location: 2F 2-2: Ball 3-2: Fly out, F7 (Flyball, 7S, EV 84.4 MPH)
|
|
Batting: RHB Van Sowards
|
0-0: Called Strike 0-1: Ball 1-1: Fly out, F9 (Flyball, 9LD, EV 103.1 MPH)
|
|
Batting: LHB Warren McReddie
|
0-0: Ball 1-0: Foul Ball, location: 2F 1-1: Foul Ball, location: 2F 1-2: Ground out 6-3 (Groundball, 6M, EV 84.4 MPH)
|
| Bottom of the 7th over - 0 runs, 0 hits, 0 errors, 0 left on base; Sumter 2 - Spartanburg 6 |
| TOP OF THE 8TH |
|
Sumter Gamecocks batting - Pitching for Spartanburg Spartans : LHP Chuck Cary
|
|
Batting: RHB Claude Johnson
|
0-0: Called Strike 0-1: Foul Ball, location: 2F 0-2: Ball 1-2: Ground out 3-1 (Groundball, 13, EV 78.8 MPH)
|
|
Batting: RHB Juan Hernandez
|
0-0: Swinging Strike 0-1: Swinging Strike 0-2: Foul Ball, location: 2F 0-2: Ball 1-2: Ball 2-2: Fly out, F8 (Flyball, 8LM, EV 86.3 MPH)
|
|
Batting: SHB John Cangelosi
|
0-0: Called Strike 0-1: SINGLE (Groundball, 56D, EV 103.8 MPH)
|
|
Batting: RHB Timothy Thiessen
|
0-0: Foul Ball, location: 2F 0-1: Called Strike 0-2: Strikes out swinging
|
| Top of the 8th over - 0 runs, 1 hit, 0 errors, 1 left on base; Sumter 2 - Spartanburg 6 |
| BOTTOM OF THE 8TH |
|
Spartanburg Spartans batting - Pitching for Sumter Gamecocks : RHP Dave Wareham
|
|
Batting: RHB Ron Dillard
|
0-0: Ball 1-0: Swinging Strike 1-1: Swinging Strike 1-2: Ball 2-2: Ball 3-2: Base on Balls
|
|
Batting: RHB Rigo Rodriguez
|
0-0: Bunted foul 0-1: Bunt missed! 0-2: Ball Balk! Ron Dillard to second 1-2: Strikes out swinging
|
|
Batting: SHB Michael Vanderburg
|
0-0: Foul Ball, location: 2F 0-1: Ball 1-1: Ball 2-1: Ball Passed Ball! Ron Dillard to third 3-1: Base on Balls
|
|
Batting: LHB Albert Ortiz
|
0-0: Ball 1-0: Ball 2-0: Fielders Choice at 2nd, 4-6 (Groundball, 34, EV 90.0 MPH) Ron Dillard scores
|
|
Batting: RHB Gib Seibert
|
0-0: Called Strike 0-1: Swinging Strike 0-2: Ball 1-2: Ball Albert Ortiz steals 2nd base (no throw) 2-2: Strikes out swinging
|
| Bottom of the 8th over - 1 run, 0 hits, 0 errors, 1 left on base; Sumter 2 - Spartanburg 7 |
| TOP OF THE 9TH |
|
Sumter Gamecocks batting - Pitching for Spartanburg Spartans : LHP Chuck Cary
|
|
Batting: RHB Randy Washington
|
0-0: Called Strike 0-1: Ball 1-1: Ball 2-1: SOLO HOME RUN (Flyball, 8RXD, EV 93.1 MPH), Distance : 440 ft
|
|
Batting: RHB Kelly Gruber
|
0-0: Ball 1-0: Called Strike 1-1: Ground out 4-3 (Groundball, 4, EV 80.6 MPH)
|
|
Batting: RHB Vaughn Calloway
|
0-0: Called Strike 0-1: Foul Ball, location: 2F 0-2: Strikes out swinging
|
|
Batting: RHB Jerry Hidalgo
|
0-0: Ball 1-0: Fly out, F8 (Flyball, 78XD, EV 91.9 MPH)
|
| Top of the 9th over - 1 run, 1 hit, 0 errors, 0 left on base; Sumter 3 - Spartanburg 7 |
|